Map: Berlingrad LE

Players

CBagRun

  • Race: Zerg Zerg

couchman - Winner!

  • Race: Terran Terran

VOD

Have the link to the VOD?

Description

Time

  • Played on: Dec. 11, 2021, 8:44 p.m.
  • Length: 14:53
Show
View Real Time Build Order
Export as new Build Order

CBagRun Zerg 

Build Orders: Pool First 

Get SALT Encoding   

  12  0:22  Overlord  
  12  0:25  Drone  
  12  0:27  Drone  
  14  1:01  Extractor  
  13  1:04  Extractor  
  13  1:08  Drone  
  14  1:11  Drone  
  14  1:17  Overlord  
  14  1:42  Drone x3  
  17  2:25  Spawning Pool  
  16  2:44  Drone x2  
  16  2:45  Drone  
  19  3:10  Drone x2  
  21  3:21  Metabolic Boost  
  21  3:37  Queen  
  23  3:56  Zergling x2  
  23  3:57  Zergling x4  
  26  4:13  Queen  
  28  4:49  Queen  
  30  5:59  Overlord  
  30  6:17  Queen  
  32  6:53  Queen  
  31  7:13  Zergling x6  
  31  7:14  Zergling x8  
  38  7:17  Overlord  
  38  7:29  Pneumatized Carapace  
  38  8:02  Zergling x2  
  38  8:03  Zergling x14  
  46  8:37  Spore Crawler  
  45  9:25  Hatchery  
  44  9:42  Zergling x4  
  46  9:53  Lair  
  46  10:52  Zergling x2  
  46  10:53  Zergling x4  
  49  11:03  Drone  
  50  11:05  Overlord  
  50  11:06  Overlord  
  50  11:50  Evolution Chamber  
  50  11:53  Drone x2  
  31  12:33  Zerg Ground Armor Level 1  
  31  12:39  Zergling x4  
  31  12:40  Zergling x2  
  34  13:04  Zergling x4  
  36  13:07  Zergling x4  
  36  13:08  Zergling x2  
  29  14:02  Zergling x10  
Show
View Real Time Build Order
Export as new Build Order

couchman Terran - Winner!

Build Orders: Command Center First (CC) 

Get SALT Encoding   

  12  0:04  SCV  
  13  0:17  SCV  
  13  0:18  Supply Depot  
  14  0:30  SCV  
  16  0:42  SCV  
  16  0:55  SCV, Refinery  
  17  1:07  SCV  
  17  1:10  Command Center  
  18  1:21  SCV  
  19  1:33  SCV  
  20  1:46  SCV  
  21  1:49  Refinery  
  21  1:58  SCV  
  22  2:10  SCV  
  23  2:17  Command Center  
  23  2:22  SCV x2  
  25  2:34  SCV  
  26  2:38  Supply Depot  
  26  2:46  SCV  
  26  2:47  SCV  
  28  2:59  SCV x2  
  28  3:00  Supply Depot  
  30  3:08  Barracks  
  30  3:11  SCV  
  31  3:23  Supply Depot, SCV  
  32  3:35  SCV  
  32  3:37  SCV  
  34  3:47  SCV  
  34  3:48  Barracks  
  35  3:49  SCV  
  36  3:58  Barracks  
  36  3:59  SCV  
  36  4:01  SCV  
  38  4:03  SCV  
  39  4:10  Refinery  
  39  4:11  SCV  
  39  4:13  SCV  
  39  4:14  Refinery  
  39  4:16  SCV  
  42  4:25  SCV  
  42  4:27  Barracks Tech Lab  
  42  4:28  SCV  
  42  4:29  Factory  
  44  4:33  SCV  
  44  4:37  Barracks  
  45  4:40  SCV  
  45  4:44  SCV  
  45  4:45  SCV  
  48  4:49  Barracks Reactor  
  48  4:50  Barracks Reactor  
  48  4:52  SCV  
  49  4:56  SCV  
  49  4:57  SCV  
  49  4:59  Ghost Academy  
  51  5:04  SCV  
  52  5:08  SCV  
  52  5:09  SCV  
  54  5:16  SCV  
  54  5:18  Command Center  
  54  5:20  SCV, Bunker  
  56  5:21  SCV  
  56  5:25  Bunker  
  56  5:26  Barracks Reactor  
  57  5:28  SCV  
  57  5:29  Marine x3  
  57  5:32  SCV  
  62  5:39  Armory  
  62  5:45  Engineering Bay  
  62  5:47  Marine x3  
  62  5:48  Hellion  
  67  5:58  Marine x2  
  69  6:04  Marine  
  69  6:05  Marine x2  
  69  6:09  Orbital Command  
  69  6:10  Hellion  
  74  6:16  Marine x2  
  76  6:22  Marine  
  77  6:29  Starport  
  77  6:30  Marine x2  
  79  6:33  Marine  
  79  6:34  Marine  
  81  6:40  Marine  
  82  6:48  Marine x2  
  82  6:51  Marine  
  85  7:02  Refinery  
  85  7:05  Terran Vehicle And Ship Armor Level 1  
  85  7:07  Starport Tech Lab  
  85  7:14  Starport  
  85  7:17  Terran Infantry Armor Level 1  
  85  7:19  Combat Shield  
  85  7:28  SCV  
  86  7:30  SCV  
  87  7:40  SCV  
  87  7:41  Refinery  
  87  7:42  SCV  
  89  7:52  SCV  
  89  7:54  SCV  
  91  8:04  SCV  
  92  8:36  Supply Depot  
  92  8:38  Stimpack  
  92  8:57  Marine x5, SCV x3  
  92  8:59  Supply Depot  
  100  9:04  Armory  
  100  9:11  Terran Infantry Weapons Level 1  
  100  9:20  Marine x7, SCV, Fusion Core  
  100  9:22  Supply Depot  
  108  9:27  Starport Tech Lab  
  108  9:37  Missile Turret  
  108  9:43  Marine x5, SCV x2  
  108  9:44  Supply Depot  
  116  9:51  Enhanced Shockwaves  
  116  9:57  SCV  
  116  9:58  Missile Turret  
  116  10:05  Marine, Ghost  
  116  10:06  Supply Depot  
  119  10:09  SCV  
  120  10:28  Supply Depot  
  120  10:33  Ghost  
  118  10:38  Battlecruiser  
  118  10:39  Battlecruiser  
  130  10:54  Marine x6  
  130  10:55  Supply Depot  
  136  11:02  Ghost  
  138  11:05  Neosteel Armor  
  138  11:10  Personal Cloaking  
  138  11:12  Marine x2  
  138  11:16  Marine x4  
  138  11:18  Supply Depot  
  144  11:26  SCV  
  144  11:29  Marine x2  
  147  11:34  Marine  
  147  11:36  Refinery  
  147  11:39  Marine x3, SCV, Refinery, Ghost  
  155  11:40  SCV  
  155  11:41  Supply Depot  
  155  11:47  Marine  
  156  12:02  Marine x5, SCV x2  
  163  12:14  SCV  
  164  12:35  Nuke  
  164  12:45  Hi-Sec Auto Tracking  
  164  12:50  Bunker  
  164  12:53  Bunker  
  164  13:30  SCV, Ghost  
  161  13:59  Marine  
Tags
 
Add a new tag
Caveats
  • Supply blocks, unpowered buildings, or Contaminate may cause inaccurate times.
  • Supply counts are checked every 10 seconds.